 Dungeon Crawl Stone Soup version 0.17-a0-776-gd86b262 (webtiles) character file.

105 FedoraBrony69 the Skirmisher (level 4, -9/41 HPs)
             Began as a Centaur Berserker on Apr 25, 2015.
             Was a Believer of Trog.
             Mangled by an ice beast (12 damage)
             ... on level 3 of the Dungeon.
             The game lasted 00:03:21 (1728 turns).

FedoraBrony69 the Skirmisher (Centaur Berserker)    Turns: 1728, Time: 00:03:22

Health: -9/41      AC:  5    Str: 19    XL:     4   Next: 53%
Magic:  4/4        EV:  9    Int:  6    God:    Trog [**....]
Gold:   128        SH:  0    Dex: 10    Spells: 0 memorised, 3 levels left

rFire  . . .     SeeInvis .     a - +0 spear
rCold  . . .     Clarity  .     b - +0 animal skin
rNeg   . . .     SustAb   .     (no shield)
rPois  .         Gourm    .     (no helmet)
rElec  .         Spirit   .     (no cloak)
rCorr  .         Warding  .     k - +0 pair of gloves
rMut   .         Stasis   .     (no barding)
MR     ++...                    (no amulet)
Stlth  +.........               (no ring)
                                (no ring)

@: regenerating, very quick, very resistant to hostile enchantments, very
unstealthy
A: hooves 3, deformed body, speed 2, tough skin 3
a: Burn Spellbooks, Berserk, Trog's Hand, Renounce Religion


You were on level 3 of the Dungeon.
You worshipped Trog.
Trog was pleased with you.
You were not hungry.

You visited 1 branch of the dungeon, and saw 3 of its levels.

You collected 128 gold pieces.

Inventory:

Hand weapons
 a - a +0 spear (weapon)
Missiles
 e - 10 arrows of flame
 f - 34 arrows
Armour
 b - a +0 animal skin (worn)
 k - a +0 pair of gloves (worn)
Scrolls
 l - a scroll of enchant weapon {unknown}
 m - 2 scrolls of remove curse {unknown}
 n - 2 scrolls of identify {unknown}
 o - 2 scrolls of random uselessness {unknown}
 p - 2 scrolls of teleportation {unknown}
Potions
 d - a potion of brilliance {unknown}
 g - a potion of agility {unknown}
 i - 4 potions of curing {unknown}
 j - a potion of magic {unknown}
Comestibles
 c - a bread ration
 h - 2 fruits
 q - 2 chunks of flesh


   Skills:
 + Level 4.3 Fighting
 + Level 3.9 Polearms
 - Level 1.3 Armour
 - Level 1.3 Dodging


You had 3 spell levels left.
You didn't know any spells.

Dungeon Overview and Level Annotations

Branches:
Dungeon (3/15)

Altars:
Nemelex Xobeh
Trog


Innate Abilities, Weirdness & Mutations

You have hooves in place of feet.
Armour fits poorly on your strangely shaped body.
You cover ground very quickly.
You have extremely tough skin (AC +3).


Message History

You reach to attack!
You hit the ice beast but do no damage.
The ice beast is heavily wounded.
A gnoll comes into view.
The gnoll shouts!
Attack whom?
Press: ? - help, Dir - move target cursor, f/p - ice beast
Aim: an ice beast (heavily wounded)
You reach to attack!
You closely miss the ice beast.
The ice beast is heavily wounded.
Use which ability? (? or * to list)
Your skin crawls.
You feel resistant to hostile enchantments.
You feel slightly more hungry.
A gnoll comes into view.
A gnoll comes into view. It is wielding a flail of protection.
The gnoll shouts!
The ice beast hits you.
* * * LOW HITPOINT WARNING * * *
The ice beast freezes you!
You die...

#..#....#..$###.#.
#..g..............
#.g...............
#................(
#.....#......#.#.#
#....(............
#....#######...#..
#.g..##........###
#@Y..#............
#....#....#....#.#
#....#.#..#.......
#....#.#..#......#
####......##.#.###..#
#......#####.#.# #..
#.###### #.#.# ## #.#
#.#.# #.###### #...#


You could see an ice beast and 3 gnolls.

Vanquished Creatures
  A worker ant (D:3)
  3 gnolls (D:2)
  An adder (D:2)
  An ooze (D:1)
  3 giant geckos (D:1)
  3 bats
  A hobgoblin (D:1)
  A quokka (D:2)
  4 goblins (D:2)
  11 jackals
  2 kobolds (D:2)
  10 rats
41 creatures vanquished.

Notes
Turn   | Place    | Note
--------------------------------------------------------------
     0 | D:1      | FedoraBrony69, the Centaur Berserker, began the quest for the Orb.
     0 | D:1      | Reached XP level 1. HP: 19/19 MP: 1/1
   335 | D:1      | Reached XP level 2. HP: 16/26 MP: 2/2
   819 | D:2      | Reached XP level 3. HP: 22/33 MP: 3/3
   834 | D:2      | Acquired Trog's second power
  1030 | D:2      | Found a sparkling altar of Nemelex Xobeh.
  1157 | D:2      | Reached skill level 4 in Fighting
  1167 | D:2      | Reached XP level 4. HP: 13/40 MP: 4/4
  1642 | D:3      | Found a bloodstained altar of Trog.
  1685 | D:3      | Noticed an ice beast
  1698 | D:3      | HP: 1/41 [ice beast (11)]
  1728 | D:3      | Mangled by an ice beast

Action                   |  1- 3 |  4- 6 || total
-------------------------+-------+-------++-------
Melee: Spear             |   131 |    49 ||   180
Invok: Trog's Hand       |       |     1 ||     1
  Eat: Chunk             |       |     2 ||     2
